 Dungeon Crawl Stone Soup version 0.32-a0-975-g85d4e5bfdb (webtiles) character file.

Game seed: 5495372651620264058

53 Drazool the Grasshopper (level 3, 0/31 HPs)
             Began as a Gnoll Warper on Apr 19, 2024.
             Slain by Natasha (3 damage)
             ... on level 2 of the Dungeon.
             The game lasted 00:06:34 (1481 turns).

Drazool the Grasshopper (Gnoll Warper)              Turns: 1481, Time: 00:06:35

Health: 0/31       AC:  3    Str: 10    XL:     3   Next: 87%
Magic:  6/9        EV: 11    Int: 14    God:
Gold:   138        SH:  0    Dex: 11    Spells: 5/12 levels left

rFire   . . .        a - +0 falchion
rCold   . . .        (no shield)
rNeg    . . .        b - +0 leather armour
rPois   .            (no helmet)
rElec   .            (no cloak)
rCorr   .            (no gloves)
SInv    .            (no boots)
Will    .....        (no amulet)
Stlth   +            (no ring)
HPRegen 0.25/turn    (no ring)
MPRegen 0.11/turn

%: no passive effects
@: slowed, very slow
A: fangs 1, strong nose, distributed training
a: no special abilities


You were on level 2 of the Dungeon.
You visited 1 branch of the dungeon, and saw 2 of its levels.

You collected 138 gold pieces.


Innate Abilities, Weirdness & Mutations

You have very sharp teeth.
Your uncanny sense of smell can sniff out nearby items.
Your experience applies equally to all skills.


   Skills:
 + Level 4.6 Fighting
 + Level 1.0 Short Blades
 + Level 4.6 Long Blades
 + Level 1.0 Axes
 + Level 1.0 Maces & Flails
 + Level 1.0 Polearms
 + Level 1.0 Staves
 + Level 1.0 Ranged Weapons
 + Level 2.7 Throwing
 + Level 2.7 Armour
 + Level 4.6 Dodging
 + Level 1.0 Stealth
 + Level 1.0 Shields
 + Level 1.0 Unarmed Combat
 + Level 5.0 Spellcasting
 + Level 0.7 Conjurations
 + Level 0.7 Hexes
 + Level 0.7 Summonings
 + Level 0.7 Necromancy
 + Level 5.4 Translocations
 + Level 0.7 Fire Magic
 + Level 0.7 Ice Magic
 + Level 0.7 Air Magic
 + Level 0.7 Earth Magic
 + Level 0.7 Alchemy
 + Level 1.1 Invocations
 + Level 1.0 Evocations
 + Level 0.9 Shapeshifting


You had 5 spell levels left.
You knew the following spells:

 Your Spells              Type           Power      Damage    Failure   Level
l - Lesser Beckoning      Tloc           36%        N/A       3%          2
B - Blink                 Tloc           36%        N/A       3%          2
X - Maxwell's Portable P  Tloc           18%        2d(7-19)  8%          3

Your spell library contained the following spells:

 Spells                   Type           Power      Damage    Failure   Level
 Teleport Other           Tloc           18%        N/A       8%          3
 Vhi's Electric Charge    Tloc/Air       24%        N/A       54%         4

Inventory:

Hand Weapons
 a - a +0 falchion (weapon)
Missiles
 d - 12 darts of dispersal {=f}
 h - 5 poisoned darts (quivered)
Armour
 b - a +0 leather armour (worn)
Wands
 m - a wand of flame (22)
Scrolls
 c - a scroll of blinking
 e - 10 scrolls of identify {unknown}
 j - a scroll of noise {unknown}
 l - a scroll of teleportation {unknown}
 o - a scroll of immolation {unknown}
 p - a scroll of enchant weapon {unknown}
Potions
 f - 2 potions of degeneration {unknown}
 g - 3 potions of cancellation {unknown}
 i - 2 potions of resistance {unknown}
 k - a potion of might {unknown}
 n - a potion of curing {unknown}

Dungeon Overview and Level Annotations

Branches:
Dungeon (2/15)

Altars:

Annotations:
D:2 Natasha

....## ..##.# #....#
#.... ...## ##.....
#....# ##.... ####
......h #...รท# ####.....
....... #....###....###.
....... #....#.....## ##
....... #....#.....#
....... #....#.....#
.......###....#.....#####
#...h@5.....).........
.....####################
###


You could see Natasha and a cerulean imp (summoned).


Message History

Natasha closely misses you.
The cerulean imp hits you with a +0 spear.
You hit Natasha.
Natasha is severely wounded.
Natasha claws you.
* * * LOW HITPOINT WARNING * * *
The cerulean imp closely misses you.
Natasha stares at you and mumbles some strange words.
The magic dart hits you.
* * * LOW HITPOINT WARNING * * *
You closely miss Natasha.
Natasha is severely wounded.
The cerulean imp closely misses you. Natasha claws you.
* * * LOW HITPOINT WARNING * * *
Unknown command.
You barely miss Natasha. Your bite misses Natasha.
Natasha is severely wounded.
The cerulean imp completely misses you. Natasha casts a spell at you.
You feel yourself slow down.
Aiming: Throw Flame
Press: ? - help, Shift-Dir - straight line, f/p - Natasha
Aim: Natasha (severely wounded, 60% to hit)
The puff of flame hits Natasha.
Natasha is almost dead.
The cerulean imp hits you with a +0 spear.
* * * LOW HITPOINT WARNING * * *
Natasha claws you.
You die...
Natasha curls up and begins to purr.

Skill      XL: |  1  2  3 |
---------------+----------+-----
Spellcasting   | 5 |  5.0
Invocations    | 1 |  1.1
Short Blades   | 1 |  1.0
Axes           | 1 |  1.0
Maces & Flails | 1 |  1.0
Polearms       | 1 |  1.0
Staves         | 1 |  1.0
Ranged Weapons | 1 |  1.0
Stealth        | 1 |  1.0
Shields        | 1 |  1.0
Unarmed Combat | 1 |  1.0
Evocations     | 1 |  1.0
Fighting       | |  4.6
Long Blades    | |  4.6
Throwing       | |  2.7
Armour         | |  2.7
Dodging        | |  4.6
Conjurations   | |  0.7
Hexes          | |  0.7
Summonings     | |  0.7
Necromancy     | |  0.7
Translocations | |  5.4
Fire Magic     | |  0.7
Ice Magic      | |  0.7
Air Magic      | |  0.7
Earth Magic    | |  0.7
Alchemy        | |  0.7
Shapeshifting  | |  0.9

Action                     || total
---------------------------++-------
  Melee: Falchion          ||   118
         Bite              ||     7
  Throw: Dart              ||     6
   Cast: Lesser Beckoning  ||     4
  Evoke: Wand              ||     1
   Stab: Sleeping          ||     1
 Armour: Leather armour    ||    72
  Dodge: Dodged            ||    54

Levels and vault maps discovered:
D:1:      matt_arrival_spirals, layout_rooms, serial_curves, eino_curves_04,
          eino_curves_01
D:2:      layout_rooms, uniq_natasha

Notes
Turn   | Place    | Note
-------+----------+-------------------------------------------
     0 | D:1      | Drazool the Gnoll Warper began the quest for the Orb.
     0 | D:1      | Reached XP level 1. HP: 20/20 MP: 6/6
   271 | D:1      | Reached XP level 2. HP: 24/26 MP: 7/7
   791 | D:1      | Reached skill level 5 in Spellcasting
   791 | D:1      | Reached XP level 3. HP: 31/31 MP: 7/9
   902 | D:2      | Reached skill level 1 in Invocations
  1101 | D:2      | Reached skill level 1 in Short Blades
  1101 | D:2      | Reached skill level 1 in Axes
  1101 | D:2      | Reached skill level 1 in Maces & Flails
  1101 | D:2      | Reached skill level 1 in Polearms
  1101 | D:2      | Reached skill level 1 in Staves
  1101 | D:2      | Reached skill level 1 in Ranged Weapons
  1101 | D:2      | Reached skill level 1 in Stealth
  1101 | D:2      | Reached skill level 1 in Shields
  1101 | D:2      | Reached skill level 1 in Unarmed Combat
  1101 | D:2      | Reached skill level 1 in Evocations
  1236 | D:2      | Learned a level 2 spell: Blink
  1239 | D:2      | Learned a level 2 spell: Lesser Beckoning
  1243 | D:2      | Learned a level 3 spell: Maxwell's Portable Piledriver
  1467 | D:2      | Noticed Natasha
  1481 | D:2      | HP: 3/31 [cerulean imp/+0 spear[Natasha] (4)]
  1481 | D:2      | Slain by Natasha

Vanquished Creatures
  3 dart slugs (D:2)
  7 endoplasms
  A giant cockroach (D:1)
  2 goblins (D:2)
  3 hobgoblins
  2 jackals (D:1)
  5 kobolds
  A quokka (D:2)
  6 ball pythons
  5 bats
  3 frilled lizards
  4 rats
42 creatures vanquished.

Table legend: (Time is in decaauts)
 A = Elapsed time spent in this place.
 B = Non-inter-level travel time spent in this place.
 C = Inter-level travel time spent in this place.
 D = Time resting spent in this place.
 E = Time spent auto-exploring this place.
 F = Levels seen in this place.
 G = Mean time per level.
                   A        B        C        D        E       F      G
               +--------+--------+--------+--------+--------+-----+--------+
         Total |   1491 |   1459 |     32 |     52 |    993 |   2 |  745.5 |
       Dungeon |   1491 |   1459 |     32 |     52 |    993 |   2 |  745.5 |
               +--------+--------+--------+--------+--------+-----+--------+

Top non-repeatable levels by time:
     D:1: 805 daAuts
     D:2: 686 daAuts

Table legend:
 A = Non-vault XP
 B = Vault XP
 C = Vault XP percentage of total XP
 D = Non-vault monster count
 E = Vault monster count
 F = Vault count percentage of total count
                 A         B        C        D         E       F
            +---------+---------+-------+---------+---------+-------
      Total |      76 |       0 |   0.0 |      42 |       0 |   0.0
            +---------+---------+-------+---------+---------+-------
        D:1 |      34 |       0 |   0.0 |      20 |       0 |   0.0
        D:2 |      42 |       0 |   0.0 |      22 |       0 |   0.0
            +---------+---------+-------+---------+---------+-------
